 Dungeon Crawl Stone Soup version 0.22.1-1-ga44c0e5 (webtiles) character file.

1589 Fang the Chopper (level 8, -1/51 HPs)
             Began as a Gargoyle Berserker on Oct 1, 2018.
             Was an Elder of Trog.
             Engulfed by a cloud of steam (5 damage)
             ... on level 6 of the Dungeon.
             The game lasted 00:09:00 (6665 turns).

Fang the Chopper (Gargoyle Berserker)               Turns: 6665, Time: 00:09:01

Health: -1/51      AC:  9    Str: 23    XL:     8   Next: 92%
Magic:  8/8        EV: 13    Int:  8    God:    Trog [****..]
Gold:   296        SH:  0    Dex:  9    Spells: 7/7 levels left

rFire    . . .     SeeInvis .   a - +3 hand axe
rCold    . . .     Gourm    .   (no shield)
rNeg     + . .     Faith    .   p - +2 robe {MR+}
rPois    ∞         Spirit   .   (no helmet)
rElec    +         Reflect  .   (no cloak)
rCorr    .         Harm     .   (no gloves)
MR       +....                  (no boots)
Stlth    ++........             (no amulet)
HPRegen  0.17/turn              (no ring)
MPRegen  0.11/turn              (no ring)

@: no status effects
A: negative energy resistance 1, electricity resistance, unbreathing,
petrification resistance, rot immunity, AC +5
a: Berserk, Trog's Hand, Brothers in Arms, Renounce Religion


You were on level 6 of the Dungeon.
You worshipped Trog.
Trog was greatly pleased with you.
You were near starving.

You visited 2 branches of the dungeon, and saw 7 of its levels.

You collected 296 gold pieces.

Inventory:

Hand Weapons
 a - a +3 hand axe (weapon)
Armour
 p - a +2 robe of magic resistance (worn)
Wands
 b - a wand of flame (26)
 o - a wand of paralysis (3)
Scrolls
 d - 8 scrolls of identify
 e - a scroll of random uselessness {unknown}
 g - 2 scrolls of magic mapping
 i - a scroll of fog
 m - 3 scrolls of teleportation
Potions
 f - a potion of might
 j - 5 potions of curing
 l - a potion of ambrosia
 n - a potion of brilliance
Comestibles
 c - 8 rations


   Skills:
 + Level 5.9 Fighting
 + Level 7.8 Axes
 + Level 2.2 Armour
 + Level 4.6 Dodging
 + Level 2.5 Stealth


You had 7 spell levels left.
You didn't know any spells.
Your spell library was empty.

Dungeon Overview and Level Annotations

Branches:
Dungeon (6/15)             Temple (1/1) D:5

Altars:
Elyvilon
Kikubaaqudgha


Innate Abilities, Weirdness & Mutations

You are resistant to torment.
Your stone body is resilient. (AC +5)
You are immune to poison.
You resist negative energy. (rN+)
You are resistant to electric shocks. (rElec)
You can survive without breathing.
You are immune to petrification.
You are immune to rotting.


Message History

You are too injured to fight recklessly!
You are too injured to fight recklessly!
You are too injured to fight recklessly!
You're too hungry.
You barely miss the steam dragon.
The steam dragon is severely wounded.
You are engulfed in a cloud of scalding steam.
* * * LOW HITPOINT WARNING * * *
The steam dragon bites you.
* * * LOW HITPOINT WARNING * * *
The steam dragon claws you but does no damage.
You slash the steam dragon!
The steam dragon is almost dead.
You are engulfed in a cloud of scalding steam.
* * * LOW HITPOINT WARNING * * *
You slash the steam dragon!
You kill the steam dragon!
Trog accepts your kill.
You are engulfed in a cloud of scalding steam.
You die...

#....................#
#......#########.#+###
#......# #..(#
######## ###.#
######.#
#####......#########
.[....§§§..........[
######§##......###
#§@§##.###.# #.....#.#
# #..8§§#.# #..§≈≈#.#
..≈§§##.# ≈≈≈####..#
########....####
.................#
####...##########


There were no monsters in sight!

Vanquished Creatures
  Grinder (D:3)
  A steam dragon (D:6)
  A phantom (D:5)
  2 ogres
  2 centaurs (D:5)
  3 scorpions (D:4)
  A crimson imp (D:6)
  A centaur zombie (D:4)
  3 orc priests
  A jelly (D:6)
  Crazy Yiuf (D:2)
  Jessica (D:3)
  Ijyb (D:3)
  3 orc wizards
  3 worker ants
  Natasha (thrice) (D:2)
  A hound skeleton (D:4)
  7 adders
  A shadow imp (D:6)
  2 oozes
  3 worms
  2 dart slugs (D:1)
  3 leopard geckos
  12 orcs
  A ball python (D:2)
  20 giant cockroaches
  9 goblins
  11 hobgoblins
  7 jackals
  4 quokkas
  6 bats
  7 frilled lizards
  A jackal skeleton (D:4)
  A jackal zombie (D:6)
  3 kobolds (D:2)
  A leopard gecko zombie (D:5)
  A quokka skeleton (D:4)
131 creatures vanquished.

Notes
Turn   | Place    | Note
-------+----------+-------------------------------------------
     0 | D:1      | Fang the Gargoyle Berserker began the quest for the Orb.
     0 | D:1      | Reached XP level 1. HP: 14/14 MP: 1/1
   219 | D:1      | Reached XP level 2. HP: 10/19 MP: 2/2
   393 | D:1      | Reached skill level 3 in Axes
   696 | D:1      | Reached XP level 3. HP: 18/24 MP: 3/3
  1508 | D:2      | Reached ** piety under Trog
  1508 | D:2      | Reached XP level 4. HP: 12/29 MP: 4/4
  1794 | D:2      | Found a faded altar of an unknown god.
  1989 | D:2      | Found a runed door.
  2172 | D:2      | Noticed Natasha
  2184 | D:2      | Killed Natasha
  2184 | D:2      | Reached skill level 4 in Axes
  2698 | D:2      | Noticed Natasha
  2705 | D:2      | Killed Natasha
  2705 | D:2      | Reached XP level 5. HP: 22/33 MP: 5/5
  2943 | D:2      | Noticed Crazy Yiuf
  2953 | D:2      | Killed Crazy Yiuf
  3107 | D:3      | Noticed Ijyb
  3271 | D:2      | Noticed Natasha
  3283 | D:2      | Killed Natasha
  3513 | D:3      | Noticed Jessica
  3545 | D:3      | Killed Jessica
  3545 | D:3      | Reached XP level 6. HP: 22/39 MP: 6/6
  3742 | D:3      | Reached skill level 1 in Stealth
  3799 | D:3      | Noticed Grinder
  3809 | D:3      | Killed Ijyb
  3809 | D:3      | Reached skill level 5 in Axes
  3822 | D:3      | Paralysed by Grinder for 2 turns
  3887 | D:3      | Killed Grinder
  3887 | D:3      | Reached XP level 7. HP: 44/44 MP: 7/7
  4278 | D:4      | Reached *** piety under Trog
  4819 | D:4      | Reached skill level 6 in Axes
  4936 | D:4      | Reached skill level 5 in Fighting
  5246 | D:4      | Reached XP level 8. HP: 48/49 MP: 8/8
  5725 | D:5      | Entered Level 5 of the Dungeon
  5821 | D:5      | Reached skill level 7 in Axes
  5924 | D:5      | Found a staircase to the Ecumenical Temple.
  5929 | D:5      | Found a white marble altar of Elyvilon.
  6048 | Temple   | Entered the Ecumenical Temple
  6542 | D:6      | Reached **** piety under Trog
  6567 | D:6      | Found an ancient bone altar of Kikubaaqudgha.
  6665 | D:6      | Engulfed by a cloud of steam

Skill      XL: |  1  2  3  4  5  6  7  8 |
---------------+-------------------------+-----
Axes           | 3 4 5 6 7 |  7.8
Fighting       | 4 5 |  5.9
Dodging        | 2 3 4 |  4.6
Stealth        | 1 2 |  2.5
Armour         | |  2.2

Action                   |  1- 3 |  4- 6 |  7- 9 || total
-------------------------+-------+-------+-------++-------
Melee: Hand axe          |   115 |   177 |   240 ||   532
Invok: Berserk           |     1 |     5 |     3 ||     9
  Use: Scroll            |       |       |    13 ||    13
 Stab: Sleeping          |       |       |     1 ||     1
  Eat: Chunk             |     2 |    11 |     9 ||    22
       Ration            |       |       |     1 ||     1
Armor: Animal skin       |    39 |    45 |       ||    84
       Robe              |       |    21 |    80 ||   101
Dodge: Dodged            |    64 |   138 |   121 ||   323
